 Dungeon Crawl Stone Soup version 0.29-a0-352-g0917bc69df (webtiles) character file.

Game seed: 13225905496019893848

307 runemasterragnar the Changer (level 6, -1/70 HPs)
             Began as a Draconian Transmuter on Apr 23, 2022.
             Was a Priest of Cheibriados.
             Slain by an ice beast (7 damage)
             ... on level 4 of the Dungeon.
             The game lasted 00:05:11 (4316 turns).

runemasterragnar the Changer (Draconian Transmuter) Turns: 4316, Time: 00:05:12

Health: -1/70      AC: 23    Str: 19    XL:     6   Next: 16%
Magic:  8/11       EV:  2    Int: 23    God:    Cheibriados [***...]
Gold:   140        SH:  5    Dex: 18    Spells: 5/11 levels left

rFire   . . .      SeeInvis .     - Unarmed
rCold   . . .      Faith    .   (no shield)
rNeg    . . .      Spirit   .   (body armour unavailable)
rPois   +          Reflect  +   (helmet currently unavailable)
rElec   .          Harm     .   (cloak currently unavailable)
rCorr   +          Rampage  .   (gloves currently unavailable)
Will    .....      NoTele   +   (boots currently unavailable)
Stlth   ++........              q - amulet of reflection
HPRegen 0.21/turn               a - ring of resist corrosion
MPRegen 0.12/turn               (no ring)

@: tree-form, wereblooded, very slow
A: stationary, stasis, torment immunity, boosted hp, AC +6, unfitting armour,
(cold-blooded)
a: Renounce Religion, Bend Time, Temporal Distortion


You were on level 4 of the Dungeon.
You worshipped Cheibriados.
Cheibriados was most pleased with you.
You were a tree.
You visited 1 branch of the dungeon, and saw 4 of its levels.

You collected 140 gold pieces.

Inventory:

Armour
 e - a +0 buckler
Jewellery
 a - a ring of resist corrosion (left branch)
 q - an amulet of reflection (around neck)
Wands
 m - a wand of iceblast (7)
Scrolls
 b - 2 scrolls of noise {unknown}
 d - a scroll of teleportation
 f - a scroll of summoning {unknown}
 h - a scroll of fear {unknown}
 k - a scroll of silence {unknown}
 n - 2 scrolls of immolation
Potions
 c - a potion of brilliance {unknown}
 g - a potion of attraction
 i - a potion of haste {unknown}
 j - 2 potions of flight
 o - a potion of might {unknown}
 p - a potion of ambrosia {unknown}


   Skills:
 - Level 1.1 Fighting
 - Level 1.7 Dodging
 - Level 3.0 Unarmed Combat
 + Level 3.4 Spellcasting
 * Level 4.9 Transmutations
 + Level 2.9 Invocations


You had 5 spell levels left.
You knew the following spells:

 Your Spells              Type           Power      Damage    Failure   Level
a - Beastly Appendage     Tmut           52%        N/A       1%          1
b - Wereblood             Tmut           26%        N/A       2%          2
c - Spider Form           Tmut/Pois      15%        N/A       12%         3

Your spell library contained the following spells:

 Spells                   Type           Power      Damage    Failure   Level
 Ice Form                 Ice/Tmut       15%        N/A       38%         4


Dungeon Overview and Level Annotations

Branches:
Dungeon (4/15)
 Temple: D:4-7

Altars:
Cheibriados
Gozag
Xom
Yredelemnul
Zin

Shops:
D:2 [

Annotations:
D:3 3 runed translucent doors, Bediveer's ghost, weakling HOMo


Innate Abilities, Weirdness & Mutations

You are a tree.
Your roots penetrate the ground, keeping you stationary.
You cannot be teleported.
You are immune to unholy pain and torment.
Your maximum health is greatly increased.
Your equipment is partially melded.
((Your plain brown scales are hard. (AC +6)))
You cannot fit into any form of body armour.
((You are cold-blooded and may be slowed by cold attacks.))


Message History

As you open the door, it creaks loudly!
Found a glowing silver altar of Zin.
Things that are here:
a +0 club; a +1 whip of draining; an orc skeleton
Things that are here:
a +0 club; a +1 whip of draining; an orc skeleton
There is a stone staircase leading down here.
Things that are here:
a +0 club; a +0 leather armour
Items here: )) [[.
Items here: ( )) [.
An ice beast comes into view.
The ice beast closely misses you.
An orc comes into view. It is wielding a +0 short sword.
There are monsters nearby!
Casting: Spider Form (dangerous; 12% risk of failure)
Confirm with . or Enter, or press ? or * to list all spells.
Okay, then.
Casting: Spider Form (dangerous; 12% risk of failure)
Confirm with . or Enter, or press ? or * to list all spells.
Your blood is infused with primal strength.
The ice beast hits you. The ice beast freezes you!
Casting: Wereblood (safe; 2% risk of failure)
Confirm with . or Enter, or press ? or * to list all spells.
You grow a pair of large bovine horns.
Your feet morph into talons.
The ice beast hits you. The ice beast freezes you!
You hit the ice beast but do no damage. Your headbutt misses the ice beast.
The ice beast hits you. The ice beast freezes you!
You feel yourself slow down.
* * * LOW HITPOINT WARNING * * *
Really quaff the potion of lignification?
Your horns disappear.
Your talons disappear.
You turn into a tree.
Your roots penetrate the ground.
The ice beast hits you but does no damage.
You hit the ice beast.
The ice beast is moderately wounded.
You feel yourself speed up. The ice beast hits you.
* * * LOW HITPOINT WARNING * * *
The ice beast freezes you!
You die...

#..# #######.######
#..# #.# #..# #^#
#..# #.# #.## #.#
#.#### ###### #)#
#.#..# #....# #.#
#.#.##.#.##.#
#.#.##oY♣##.#
#.#.#######.# #.#.#
##.## #.#
#.#.######...## #.#
##.............###.#
#..................#
#.##.####......###.#
#.##.# #.....## #.#
#.##.# #..#.## #.#


You could see an ice beast and an orc.

Vanquished Creatures
  An orc priest (D:4)
  A hound (D:4)
  A jelly (D:4)
  2 orc wizards (D:4)
  A scorpion zombie (D:3)
  A howler monkey zombie (D:3)
  4 adders
  5 worms
  5 dart slugs
  9 orcs
  3 endoplasms
  6 giant cockroaches
  10 goblins
  6 hobgoblins
  4 kobolds
  2 quokkas
  3 ball pythons (D:1)
  3 bats
  2 frilled lizards (D:2)
  6 rats
75 creatures vanquished.

Vanquished Creatures (others)
  An iguana (D:3)
  A quokka (D:3)
2 creatures vanquished.

Grand Total: 77 creatures vanquished

Notes
Turn   | Place    | Note
-------+----------+-------------------------------------------
     0 | D:1      | runemasterragnar the Draconian Transmuter began the quest
                  | for the Orb.
     0 | D:1      | Reached XP level 1. HP: 16/16 MP: 3/3
   335 | D:1      | Reached XP level 2. HP: 23/23 MP: 3/5
   337 | D:1      | Found a faded altar of an unknown god.
   346 | D:1      | Prayed at the altar of an unknown god.
   346 | D:1      | Became a worshipper of Cheibriados the Contemplative
   346 | D:1      | Reached * piety under Cheibriados
   952 | D:2      | Found Wuhia's Armour Shop.
  1014 | D:2      | Reached skill level 3 in Transmutations
  1019 | D:2      | Reached XP level 3. HP: 18/28 MP: 6/6
  1137 | D:2      | Reached skill level 1 in Invocations
  1285 | D:2      | Reached ** piety under Cheibriados
  1912 | D:3      | Reached XP level 4. HP: 16/35 MP: 7/7
  1919 | D:3      | Learned a level 2 spell: Wereblood
  1923 | D:3      | Learned a level 3 spell: Spider Form
  2105 | D:3      | Found an opulent altar of Gozag.
  2744 | D:3      | Found a runed translucent gate.
  2744 | D:3      | Found a runed translucent gate.
  2744 | D:3      | Found a runed translucent gate.
  2744 | D:3      | Noticed Bediveer's ghost (weakling HOMo)
  2747 | D:3      | Found a basalt altar of Yredelemnul.
  2763 | D:3      | Reached skill level 4 in Transmutations
  2846 | D:3      | Found a shimmering altar of Xom.
  2853 | D:3      | Reached XP level 5. HP: 35/40 MP: 7/9
  2862 | D:3      | Reached *** piety under Cheibriados
  3471 | D:4      | Reached XP level 6. HP: 35/47 MP: 6/10
  4188 | D:4      | Found a glowing silver altar of Zin.
  4311 | D:4      | Noticed an ice beast
  4316 | D:4      | Slain by an ice beast

Illustrated notes

Levels and vault maps discovered:
D:1:      minmay_arrival_nine_rooms, layout_basic,
          ebering_ecumenical_altar_ruins
D:2:      layout_basic, serial_shops, nicolae_shop_trees, patterned_corridor
D:3:      layout_loops_corners, nicolae_yredelemnul_ghost_church,
          nicolae_gozag_cash_rules_everything_around_me, xom_confusion_cloud
D:4:      layout_loops_ring, trog_book, zin_statuary, st_stairs_7

Skill      XL: |  1  2  3  4  5 |
---------------+----------------+-----
Transmutations | 3 4 |  4.9
Invocations    | 1 2 |  2.9
Spellcasting   | 3 |  3.4
Fighting       | |  1.1
Dodging        | |  1.7
Unarmed Combat | |  3.0

Action                   |  1- 3 |  4- 6 || total
-------------------------+-------+-------++-------
Melee: Unarmed           |    98 |   116 ||   214
       Kick              |    26 |    27 ||    53
       Tailslap          |    14 |    10 ||    24
       Headbutt          |    12 |    10 ||    22
       Punch             |     4 |     3 ||     7
 Cast: Beastly Appendage |    24 |    17 ||    41
       Wereblood         |       |     8 ||     8
       Spider Form       |       |     6 ||     6
  Use: Potion            |       |     5 ||     5
       Scroll            |       |     4 ||     4
 Stab: Sleeping          |       |     1 ||     1
Armor: Skin              |    29 |    28 ||    57
Dodge: Dodged            |    59 |    64 ||   123

Table legend: (Time is in decaauts)
 A = Elapsed time spent in this place.
 B = Non-inter-level travel time spent in this place.
 C = Inter-level travel time spent in this place.
 D = Time resting spent in this place.
 E = Time spent auto-exploring this place.
 F = Levels seen in this place.
 G = Mean time per level.
                   A        B        C        D        E       F      G
               +--------+--------+--------+--------+--------+-----+--------+
         Total |   5533 |   5357 |    176 |    259 |   4417 |   4 | 1383.2 |
       Dungeon |   5533 |   5357 |    176 |    259 |   4417 |   4 | 1383.2 |
               +--------+--------+--------+--------+--------+-----+--------+

Top non-repeatable levels by time:
     D:3: 1852 daAuts
     D:4: 1596 daAuts
     D:1: 1089 daAuts
     D:2: 995 daAuts
